 Dungeon Crawl Stone Soup version 0.21.1-1-g345015f (webtiles) character file.

19032 troglodite the Fighter (level 12, -7/150 HPs)
             Began as a Demonspawn Berserker on Apr 26, 2018.
             Was a High Priest of Trog.
             Killed by divine providence
             ... invoked by a smoke demon
             ... summoned by Frances
              (8 damage)
             ... on level 13 of the Dungeon.
             The game lasted 00:32:07 (13226 turns).

troglodite the Fighter (Demonspawn Berserker)      Turns: 13226, Time: 00:32:08

Health: -7/150     AC: 17    Str: 28    XL:     12   Next: 32%
Magic:  0/3        EV: 15    Int:  5    God:    Trog [*****.]
Gold:   751        SH:  6    Dex: 20    Spells: 11/11 levels left

rFire    + + .     SeeInvis .   z - +12 war axe "Hamiarex" {chop, *Corrode MR+++ Str+5 Int-4}
rCold    . . .     Gourm    .   (no shield)
rNeg     + + +     Faith    .   K - +8 chain mail of Time Monsters {rElec rN+++ MP-9 Dex+3}
rPois    .         Spirit   +   I - +0 helmet
rElec    +         Reflect  .   (no cloak)
rCorr    .         Harm     .   (no gloves)
MR       +++..                  (no boots)
Stlth    ..........             (no amulet)
HPRegen  0.35/turn              u - +3 ring of evasion
MPRegen  0.08/turn              B - ring of protection from fire

@: berserking, liquid flames, corroded, glowing, very quick
A: claws 2, large bone plates 2, fire resistance 1, magic shield
a: Berserk, Trog's Hand, Brothers in Arms, Burn Spellbooks, Renounce Religion


You were on level 13 of the Dungeon.
You worshipped Trog.
Trog was extremely pleased with you.
You were near starving.

You visited 1 branch of the dungeon, and saw 13 of its levels.

You collected 751 gold pieces.

Inventory:

Hand Weapons
 a - a +0 falchion
 z - the +12 war axe "Hamiarex" (weapon) {chop, *Corrode MR+++ Str+5 Int-4}
   (You found it on level 5 of the Dungeon)

   It inflicts extra damage upon your enemies.
   It affects your strength (+5).
   It affects your intelligence (-4).
   It affects your resistance to hostile enchantments.
   It may corrode you when you take damage.
 F - the +1 hand axe "Geosi" {elec, rPois Str+4 Dex+3}
   (You found it on level 7 of the Dungeon)

   Occasionally, upon striking a foe, it will discharge some electrical energy
   and cause terrible harm.
   It affects your strength (+4).
   It affects your dexterity (+3).
   It protects you from poison.
Armour
 I - a +0 helmet (worn)
 K - the +8 chain mail of Time Monsters (worn) {rElec rN+++ MP-9 Dex+3}
   (You found it on level 10 of the Dungeon)

   It affects your dexterity (+3).
   It insulates you from electricity.
   It renders you almost immune to negative energy.
   It affects your magic capacity (-9).
Jewellery
 b - a +2 ring of dexterity
 u - a +3 ring of evasion (left claw)
 B - a ring of protection from fire (right claw)
 C - an uncursed ring of protection from magic
Wands
 k - a wand of flame (24)
 m - a wand of acid (9)
 s - a wand of iceblast (18)
 x - a wand of polymorph (37)
 E - a wand of paralysis (35)
 J - a wand of enslavement (5)
 P - a wand of digging (9)
Scrolls
 j - 3 scrolls of enchant armour
 l - a scroll of fear
 n - a scroll of immolation {unknown}
 o - 5 scrolls of magic mapping
 p - a scroll of teleportation
 q - 3 scrolls of blinking
 v - a scroll of fog {unknown}
 w - 4 scrolls of remove curse
 y - a scroll of amnesia {unknown}
 A - 2 scrolls of enchant weapon {unknown}
 H - 3 scrolls of identify
 L - a scroll of acquirement {unknown}
 N - a scroll of random uselessness {unknown}
Potions
 d - 6 potions of heal wounds
 e - 3 potions of haste
 f - 9 potions of curing
 h - 4 potions of brilliance
 i - a potion of might
 r - 3 potions of agility
 t - a potion of ambrosia
 D - 2 potions of lignification
 G - 2 potions of flight
 M - a potion of magic
 O - 2 potions of mutation
Comestibles
 c - 15 rations
 g - 6 chunks of flesh


   Skills:
 * Level 11.0 Fighting
 + Level 6.1 Long Blades
 + Level 10.8 Axes
 * Level 10.1 Armour
 + Level 4.0 Dodging
 + Level 1.7 Stealth


You had 11 spell levels left.
You didn't know any spells.

Dungeon Overview and Level Annotations

Branches:
Dungeon (13/15)            Temple (0/1) D:7            Lair (0/6) D:8
    Orc (0/2) D:12
 Vaults: D:13-14

Altars:
Ashenzari
Cheibriados
Dithmenos
Hepliaklqana
Makhleb
Okawaru
Ru
Sif Muna
Trog
Uskayaw
Vehumet
Zin
The Shining One

Shops:
D:8 (   D:11 !

Annotations:
D:13 Frances


Innate Abilities, Weirdness & Mutations

You have very sharp fingernails.
You are mostly covered in large bone plates. (SH +6)
Your flesh is heat resistant. (rF+)
When hurt, damage is shared between your health and your magic reserves.


Message History

The chaos spawn misses you.
Your chain mail of Time Monsters prevents you from hitting Frances.
Frances is severely wounded.
You slash the chaos spawn! You slice the smoke demon!! You slash the cyclops!
You kill the cyclops!
Trog accepts your kill. The smoke demon gestures at you.
The sticky flame hits you!
You are covered in liquid flames!
Frances hits you with a war axe!!
* * * LOW HITPOINT WARNING * * *
You slash Frances!
Frances is almost dead.
You barely miss the chaos spawn. You closely miss the smoke demon.
You are covered in liquid flames!
* * * LOW HITPOINT WARNING * * *
You block the chaos spawn's attack. The smoke demon gestures at you.
Something smites you!
You die...

.......#...#....## ##
#..........))....##...
#..###..##.)#.........
... #..###)....).....
.#.###..####......<...
...........#..........
......................
......@ยง....#....##...
#....O(@}...#..### ##.
#....#3.4..###.#
.......##### ###
###..## #.. ##


You could see Frances, a two-headed ogre, a smoke demon and a chaos spawn.

Vanquished Creatures
  The ghost of ZomBoFoB the Basher, a novice OgGl of Makhleb (D:9)
  3 two-headed ogres
  4 skeletal warriors (D:12)
  An ugly thing (D:12)
  A manticore (D:12)
  A cyclops (D:13)
  3 centaur skeletons
  Psyche (D:10)
  A kobold demonologist (D:13)
  A komodo dragon (D:8)
  6 trolls
  3 meliai (D:12)
  5 slime creatures (D:11)
  3 hippogriffs
  3 wyverns
  5 yaks (D:13)
  The ghost of azzavlup the Chopper, an amateur DsAK of Lugonu (D:3)
  4 vampire mosquitoes (D:12)
  A soldier ant (D:12)
  A water moccasin (D:9)
  2 sky beasts
  2 orc warriors
  3 phantoms
  2 black bears
  3 ice beasts
  10 ogres
  A centaur (D:10)
  A crocodile (D:7)
  9 bullfrogs
  5 scorpions
  7 killer bees
  8 wights
  7 howler monkeys
  3 centaur zombies
  3 crimson imps
  5 orc priests
  11 hounds
  A jelly (D:9)
  4 bullfrog skeletons
  11 orc wizards
  9 iguanas
  12 worker ants
  The ghost of Flooderbenga the Grave Robber, a weakling GnNe (D:4)
  A hound zombie (D:8)
  17 adders
  9 river rats (D:6)
  5 shadow imps
  An adder skeleton (D:8)
  An adder zombie (D:5)
  2 worms
  7 leopard geckos
  30 orcs
  8 bats
  5 giant cockroaches
  2 goblins (D:2)
  7 hobgoblins
  16 jackals
  3 quokkas
  A ball python (D:2)
  3 frilled lizards
  3 kobolds
  15 rats
  3 plants (D:8)
308 creatures vanquished.

Vanquished Creatures (collateral kills)
  An eye of draining (D:12)
  A bullfrog (D:12)
  An orc priest (D:12)
  An adder (D:12)
  An orc (D:12)
5 creatures vanquished.

Vanquished Creatures (others)
  A plant (D:8)
1 creature vanquished.

Grand Total: 314 creatures vanquished

Notes
Turn   | Place    | Note
-------+----------+-------------------------------------------
     0 | D:1      | troglodite the Demonspawn Berserker began the quest for the Orb.
     0 | D:1      | Reached XP level 1. HP: 18/18 MP: 1/1
   335 | D:1      | Gained mutation: Your flesh is heat resistant. (rF+) [demonic ancestry]
   335 | D:1      | Reached XP level 2. HP: 5/24 MP: 2/2
   981 | D:2      | Gained mutation: When hurt, damage is shared between your health and your magic reserves. [demonic ancestry]
   981 | D:2      | Reached XP level 3. HP: 29/29 MP: 3/3
  1185 | D:2      | Found a hazy altar of Hepliaklqana.
  1264 | D:2      | Reached ** piety under Trog
  1336 | D:2      | Found a radiant altar of Vehumet.
  1809 | D:3      | Gained mutation: You are partially covered in large bone plates. (SH +4) [demonic ancestry]
  1809 | D:3      | Reached XP level 4. HP: 37/37 MP: 4/4
  2107 | D:3      | Reached skill level 4 in Fighting
  2135 | D:3      | Found a burning altar of Makhleb.
  2141 | D:3      | Reached skill level 1 in Stealth
  2141 | D:3      | Reached XP level 5. HP: 39/42 MP: 5/5
  2291 | D:3      | Noticed azzavlup's ghost (amateur DsAK)
  2324 | D:3      | Killed azzavlup's ghost
  2324 | D:3      | Gained mutation: You are mostly covered in large bone plates. (SH +6) [demonic ancestry]
  2324 | D:3      | Reached XP level 6. HP: 41/49 MP: 6/6
  2477 | D:3      | Found a shattered altar of Ashenzari.
  2733 | D:4      | Noticed Flooderbenga's ghost (weakling GnNe)
  2742 | D:4      | Killed Flooderbenga's ghost
  3306 | D:4      | Reached *** piety under Trog
  3345 | D:4      | Reached skill level 5 in Fighting
  3403 | D:4      | Gained mutation: You have sharp fingernails. [demonic ancestry]
  3403 | D:4      | Reached XP level 7. HP: 56/56 MP: 5/7
  3411 | D:4      | Reached skill level 5 in Long Blades
  3866 | D:5      | Entered Level 5 of the Dungeon
  4192 | D:5      | Found a snail-covered altar of Cheibriados.
  4446 | D:5      | Found a glowing golden altar of the Shining One.
  4743 | D:5      | Got a brightly glowing war axe
  4744 | D:5      | Identified the +12 war axe "Hamiarex" {chop, *Corrode MR+++ Str+5 Int-4} (You found it on level 5 of the Dungeon)
  4987 | D:5      | Reached XP level 8. HP: 64/64 MP: 8/8
  5106 | D:6      | Reached skill level 1 in Axes
  5127 | D:6      | Reached skill level 6 in Fighting
  5233 | D:6      | Reached skill level 5 in Armour
  5318 | D:6      | Found a sacrificial altar of Ru.
  6210 | D:6      | Found a hide-covered altar of Uskayaw.
  6212 | D:6      | Found a bloodstained altar of Trog.
  6510 | D:7      | Got an ichor-stained hand axe
  6511 | D:7      | Identified the cursed +1 hand axe "Geosi" {elec, rPois Str+4 Dex+3} (You found it on level 7 of the Dungeon)
  6523 | D:7      | Reached **** piety under Trog
  6528 | D:7      | Gained mutation: You have very sharp fingernails. [demonic ancestry]
  6528 | D:7      | Reached XP level 9. HP: 70/71 MP: 7/9
  6675 | D:7      | Found a deep blue altar of Sif Muna.
  6823 | D:7      | Found a glowing silver altar of Zin.
  6896 | D:7      | Noticed a troll
  6901 | D:7      | Killed a troll
  6901 | D:7      | Reached skill level 5 in Axes
  6927 | D:7      | Found a staircase to the Ecumenical Temple.
  7134 | D:8      | Reached skill level 7 in Fighting
  7248 | D:8      | Found Ceagacao's Antique Weapon Shop.
  7756 | D:8      | Found a staircase to the Lair.
  7873 | D:8      | Noticed a komodo dragon
  7890 | D:8      | Killed a komodo dragon
  7890 | D:8      | Reached XP level 10. HP: 43/80 MP: 5/10
  8136 | D:9      | Noticed ZomBoFoB's ghost (novice OgGl)
  8144 | D:9      | Killed ZomBoFoB's ghost
  8144 | D:9      | Reached skill level 8 in Fighting
  8241 | D:9      | Found a shadowy altar of Dithmenos.
  8521 | D:9      | Reached ***** piety under Trog
  8659 | D:9      | Found an iron altar of Okawaru.
  9184 | D:10     | Entered Level 10 of the Dungeon
  9359 | D:10     | Got a spiked chain mail
  9370 | D:10     | Identified the +8 chain mail of Time Monsters {rElec rN+++ MP-9 Dex+3} (You found it on level 10 of the Dungeon)
  9393 | D:10     | Noticed Psyche
  9400 | D:10     | Killed Psyche
  9646 | D:10     | Received a gift from Trog
 10005 | D:11     | Reached XP level 11. HP: 77/87 MP: 2/11
 10035 | D:11     | Noticed a two-headed ogre
 10046 | D:11     | Killed a two-headed ogre
 10046 | D:11     | Reached skill level 9 in Fighting
 10048 | D:11     | Received a gift from Trog
 10356 | D:11     | Found Jootor's Distillery.
 11698 | D:12     | Noticed a skeletal warrior
 11698 | D:12     | Noticed a skeletal warrior
 11698 | D:12     | Noticed a skeletal warrior
 11698 | D:12     | Noticed a skeletal warrior
 11711 | D:12     | Killed a skeletal warrior
 11716 | D:12     | Killed a skeletal warrior
 11716 | D:12     | Reached skill level 10 in Axes
 11738 | D:12     | Reached skill level 10 in Fighting
 12058 | D:12     | Killed a skeletal warrior
 12150 | D:12     | Killed a skeletal warrior
 12463 | D:12     | Found a staircase to the Orcish Mines.
 12489 | D:12     | Noticed a brown ugly thing
 12501 | D:12     | Killed a brown ugly thing
 12522 | D:12     | Noticed a two-headed ogre
 12526 | D:12     | Killed a two-headed ogre
 12526 | D:12     | Reached XP level 12. HP: 87/98 MP: 3/12
 12687 | D:12     | Reached skill level 10 in Armour
 12994 | D:13     | Noticed a two-headed ogre
 13004 | D:13     | Killed a two-headed ogre
 13012 | D:13     | Reached skill level 11 in Fighting
 13208 | D:13     | Noticed Frances
 13219 | D:13     | Noticed a two-headed ogre
 13225 | D:13     | HP: 2/150 [Frances/war axe (18)]
 13226 | D:13     | Killed from afar by a smoke demon

Skill      XL: |  1  2  3  4  5  6  7  8  9 10 11 12 |
---------------+-------------------------------------+-----
Long Blades    | 3 4 5 6 |  6.1
Dodging        | 2 3 4 |  4.0
Armour         | 2 3 4 5 7 8 9 10 | 10.1
Fighting       | 4 5 6 7 8 10 11 | 11.0
Stealth        | 1 |  1.7
Axes           | 4 6 8 10 | 10.8

Action                   |  1- 3 |  4- 6 |  7- 9 | 10-12 || total
-------------------------+-------+-------+-------+-------++-------
Melee: Falchion          |    92 |   189 |   127 |       ||   408
       War axe           |       |       |   197 |   364 ||   561
       Hand axe          |       |       |    15 |       ||    15
Invok: Berserk           |     3 |     6 |     2 |     7 ||    18
       Burn Spellbooks   |       |     1 |     1 |       ||     2
       Trog's Hand       |       |       |     1 |       ||     1
       Brothers in Arms  |       |       |       |     2 ||     2
  Use: Scroll            |       |       |    12 |     8 ||    20
 Stab: Sleeping          |     3 |       |       |       ||     3
  Eat: Chunk             |     5 |     7 |    18 |    16 ||    46
       Ration            |       |     1 |       |     2 ||     3
Armor: Animal skin       |    20 |       |       |       ||    20
       Ring mail         |    13 |     4 |       |       ||    17
       Chain mail        |       |    81 |   113 |   153 ||   347
Dodge: Dodged            |    79 |    81 |   165 |   214 ||   539
Block: Other             |       |    55 |   103 |   116 ||   274
       Rpst.: Falchion   |    28 |    21 |    11 |       ||    60
